 Dungeon Crawl Stone Soup version 0.31.0-11-ge490571c62 (webtiles) character file.

Game seed: 6012992076049592740

4195 qw the Nimble (level 10, -8/49 HPs)
             Began as a Spriggan Hunter on Feb 5, 2024.
             Was a Believer of Okawaru.
             Mangled by a yak (15 damage)
             ... on level 8 of the Dungeon.
             The game lasted 00:05:43 (6833 turns).

qw the Nimble (Spriggan Hunter)                     Turns: 6833, Time: 00:05:43

Health: -8/49      AC:  6    Str:  7    XL:     10   Next: 8%
Magic:  12/13      EV: 34    Int: 11    God:    Okawaru [**....]
Gold:   374        SH:  0    Dex: 23    Spells: 9/9 levels left

rFire   . . .        a - +0 shortbow (drain)
rCold   . . .        (shield currently unavailable)
rNeg    + . .        c - +0 robe
rPois   .            (helmet restricted)
rElec   .            (no cloak)
rCorr   .            (gloves unavailable)
SInv    +            (boots unavailable)
Will    +....        (no amulet)
Stlth   ++++         l - ring of positive energy
HPRegen 0.28/turn    m - +4 ring of protection
MPRegen 0.13/turn

%: clarity
@: about to teleport, heroic, very quick
A: very small, no large weapons, unfitting armour, see invisible, speed 3,
talons 1, clarity
a: Renounce Religion, Heroism


You were on level 8 of the Dungeon.
You worshipped Okawaru.
Okawaru was pleased with you.
You visited 2 branches of the dungeon, and saw 9 of its levels.

You collected 413 gold pieces.
You spent 39 gold pieces at shops.


Innate Abilities, Weirdness & Mutations

You are very small and have problems with some larger weapons.
You are too small for most types of armour.
You have supernaturally acute eyesight. (SInv)
You cover ground extremely quickly. (Speed+++)
You have sharp toenails.
You possess an exceptional clarity of mind.


   Skills:
 - Level 4.0(9.0) Fighting
 + Level 10.9(15.9) Ranged Weapons
 - Level 11.6(16.6) Dodging
 - Level 1.5(6.5) Stealth
 + Level 3.8 Invocations


You had 9 spell levels left.
You didn't know any spells.
Your spell library was empty.

Inventory:

Hand Weapons
 a - a +0 shortbow of draining (weapon)
Armour
 c - a +0 robe (worn)
Jewellery
 l - a ring of positive energy (left hand)
 m - a +4 ring of protection (right hand)
Wands
 j - a wand of charming (3)
Scrolls
 b - 2 scrolls of enchant armour
 i - 3 scrolls of teleportation
Potions
 e - a potion of resistance
 f - a potion of attraction {unknown}
 g - a potion of cancellation
 h - a potion of mutation
 k - 4 potions of curing
 n - a potion of heal wounds

Dungeon Overview and Level Annotations

Branches:
Dungeon (8/15)             Temple (1/1) D:6
   Lair: D:8-11

Altars:
Ashenzari
Cheibriados
Dithmenos
Elyvilon
Fedhas
Gozag
Hepliaklqana
Kikubaaqudgha
Makhleb
Nemelex Xobeh
Okawaru
Qazlal
Ru
Sif Muna
Trog
Uskayaw
Vehumet
Wu Jian
Xom
Yredelemnul
Zin
The Shining One

Shops:
D:1 !   D:7 =

Annotations:
D:7 3 runed translucent doors, qw's ghost, novice SpHu


Message History

You drain the yak.
The yak is lightly wounded.
You shoot an arrow.
The arrow hits the yak but does no damage.
The yak completely misses you.
You shoot an arrow. The arrow hits the yak!
You drain the yak.
The yak is severely wounded.
You shoot an arrow. The arrow hits the yak.
The yak is severely wounded.
The yak completely misses you. The yak gores you!
You shoot an arrow.
The arrow hits the yak but does no damage.
You drain the yak.
The yak is almost dead.
The yak completely misses you.
You shoot an arrow. The arrow barely misses the yak.
The yak gores you.
You shoot an arrow. The arrow hits the yak!
The yak is moderately wounded.
You shoot an arrow. The arrow hits the yak.
The yak is heavily wounded.
The yak barely misses you. The yak completely misses you.
You shoot an arrow. The arrow barely misses the yak.
The yak completely misses you. x2
You shoot an arrow. The arrow hits the yak.
The yak is heavily wounded.
You shoot an arrow. The arrow barely misses the yak.
The yak gores you. The yak closely misses you. x2
You shoot an arrow. The arrow hits the yak.
The yak is severely wounded.
The yak gores you. The yak completely misses you. The yak barely misses you.
You shoot an arrow. The arrow closely misses the yak.
You shoot an arrow. The arrow hits the yak.
The yak is almost dead.
The yak completely misses you. The yak gores you! The yak misses you.
6833 ||| READING 4 scrolls of teleportation.
As you read the scroll of teleportation, it crumbles to dust.
You feel strangely unstable. The yak gores you. The yak barely misses you.
The yak gores you!
You die...

.. #..<...#
... ##..<..#
....#.....##
...........#
...........#
......)....#
......)).Y.#
........#YY#
........#@##
........Y...#
...........##
.........###
.........#
##......
##...[.
#.....


You could see 4 yaks.

Vanquished Creatures
  A two-headed ogre (D:7)
  A cyclops (D:7)
  A manticore (D:7)
  Jeremiah (D:6)
  Sigmund (D:3)
  2 yaks (D:8)
  Menkaure (D:6)
  Duvessa (D:7)
  Edmund (D:4)
  An ice beast (D:5)
  A black bear (D:5)
  2 phantoms
  2 bullfrogs
  A gnoll sergeant (D:6)
  3 scorpions (D:5)
  Dowan (D:7)
  A killer bee (D:7)
  A jelly (D:6)
  2 bombardier beetles
  6 hounds
  7 orc priests
  2 gnoll boudas
  2 orc wizards (D:5)
  Terence (D:2)
  17 gnolls
  5 adders
  2 shadow imps
  3 ufetubi (D:7)
  2 dart slugs
  24 orcs
  3 endoplasms
  8 giant cockroaches
  6 goblins
  6 hobgoblins
  15 jackals
  10 quokkas
  9 ball pythons
  4 bats
  4 frilled lizards
  12 kobolds
  6 rats
179 creatures vanquished.

Notes
Turn   | Place    | Note
-------+----------+-------------------------------------------
     0 | D:1      | qw the Spriggan Hunter began the quest for the Orb.
     0 | D:1      | Reached XP level 1. HP: 10/10 MP: 2/2
     0 | D:1      | 0 ||| qw: Version: 0.3-a-160-g6735b56
     0 | D:1      | 0 ||| qw: Game counter: 6402
     0 | D:1      | 0 ||| qw: Melee chars always use a shield: true
     0 | D:1      | 0 ||| qw: God list: Okawaru
     0 | D:1      | 0 ||| qw: Allow faded altars: false
     0 | D:1      | 0 ||| qw: Do Orc after clearing Dungeon:15 true
     0 | D:1      | 0 ||| qw: Do second Lair branch before Depths: true
     0 | D:1      | 0 ||| qw: Lair rune preference: random
     0 | D:1      | 0 ||| qw: Goals: Normal
     0 | D:1      | 0 ||| PLANNING D:1-11
    53 | D:1      | Reached skill level 3 in Dodging
    59 | D:1      | Found a faded altar of an unknown god.
   208 | D:1      | Reached XP level 2. HP: 14/14 MP: 3/3
   337 | D:1      | Reached skill level 4 in Dodging
   438 | D:1      | Found Vociag's Distillery.
   443 | D:1      | 443 ||| BUYING potion of curing (39 gold).
   443 | D:1      | Bought a potion of curing for 39 gold pieces
   443 | D:1      | 443 ||| SHOPLISTING potion of curing (39 gold, have 7).
   443 | D:1      | 443 ||| SHOPLISTING potion of heal wounds (65 gold, have
                  | 7).
   875 | D:1      | 875 ||| READING scroll labelled QIKIPI UTEAV.
   875 | D:1      | 875 ||| IDENTIFYING 2 metallic red potions
   876 | D:1      | 876 ||| READING scroll labelled ZUCKI QE VOEN.
   877 | D:1      | 877 ||| READING scroll labelled FUPLEL GU JAMYCU.
   877 | D:1      | 877 ||| BRANDING +0 shortbow.
   878 | D:1      | 878 ||| READING scroll labelled DOESEH WUREKUO.
   879 | D:1      | 879 ||| READING 2 scrolls labelled MAW TAUNLUEF.
   880 | D:1      | 880 ||| READING 2 scrolls labelled JENOESASUGG.
   884 | D:1      | 884 ||| READING scroll labelled CULEFUJ FYAGUFF.
   885 | D:1      | 885 ||| READING scroll labelled GAATRADWATT.
   913 | D:1      | 913 ||| DROPPING scroll of butterflies.
   914 | D:1      | 914 ||| DROPPING scroll of blinking.
   915 | D:1      | 915 ||| DROPPING 2 potions of degeneration.
   941 | D:2      | Reached XP level 3. HP: 18/18 MP: 4/4
  1142 | D:2      | Reached XP level 4. HP: 22/22 MP: 5/5
  1168 | D:2      | Noticed Terence
  1175 | D:2      | Killed Terence
  1176 | D:2      | Reached skill level 5 in Dodging
  1305 | D:2      | Found an ancient bone altar of Kikubaaqudgha.
  1738 | D:2      | 1738 ||| READING scroll labelled XONACKO VAONWAXT.
  1812 | D:3      | Noticed Sigmund
  1820 | D:3      | Killed Sigmund
  1821 | D:3      | Reached skill level 6 in Ranged Weapons
  1821 | D:3      | Reached XP level 5. HP: 13/26 MP: 6/6
  1821 | D:3      | Reached XP level 6. HP: 15/30 MP: 7/7
  2079 | D:3      | Found an ornate altar of the Wu Jian Council.
  2295 | D:3      | 2295 ||| DRINKING 2 emerald potions.
  2296 | D:3      | 2296 ||| DROPPING potion of brilliance.
  2541 | D:4      | Reached skill level 6 in Dodging
  2672 | D:4      | Noticed Edmund
  2678 | D:4      | Killed Edmund
  2679 | D:4      | Reached XP level 7. HP: 35/35 MP: 8/8
  3045 | D:4      | Reached skill level 7 in Dodging
  3198 | D:4      | 3198 ||| READING 2 scrolls of identify.
  3198 | D:4      | 3198 ||| IDENTIFYING metallic pink potion
  3199 | D:4      | 3199 ||| READING scroll of identify.
  3199 | D:4      | 3199 ||| IDENTIFYING metallic puce potion
  3200 | D:4      | 3200 ||| DROPPING potion of lignification.
  3230 | D:5      | Entered Level 5 of the Dungeon
  3294 | D:5      | 3294 ||| FLEEEEING.
  3295 | D:5      | 3295 ||| FLEEEEING.
  3296 | D:5      | 3296 ||| FLEEEEING.
  3297 | D:5      | 3297 ||| FLEEEEING.
  3298 | D:5      | 3298 ||| FLEEEEING.
  3299 | D:5      | 3299 ||| FLEEEEING.
  3300 | D:5      | 3300 ||| FLEEEEING.
  3301 | D:5      | 3301 ||| FLEEEEING.
  3304 | D:5      | 3304 ||| FLEEEEING.
  3305 | D:5      | 3305 ||| FLEEEEING.
  3306 | D:5      | 3306 ||| FLEEEEING.
  3307 | D:5      | 3307 ||| FLEEEEING.
  3387 | D:5      | HP: 2/35 [orc priest/divine providence (10)]
  3388 | D:5      | 3388 ||| READING 3 scrolls of teleportation.
  3389 | D:5      | 3389 ||| DRINKING potion of heal wounds.
  3398 | D:5      | 3398 ||| FLEEEEING.
  3399 | D:5      | 3399 ||| FLEEEEING.
  3400 | D:5      | 3400 ||| FLEEEEING.
  3401 | D:5      | 3401 ||| FLEEEEING.
  3402 | D:5      | 3402 ||| FLEEEEING.
  3403 | D:5      | 3403 ||| FLEEEEING.
  3404 | D:5      | 3404 ||| FLEEEEING.
  3405 | D:5      | 3405 ||| FLEEEEING.
  3406 | D:5      | 3406 ||| FLEEEEING.
  3407 | D:5      | 3407 ||| FLEEEEING.
  3408 | D:5      | 3408 ||| FLEEEEING.
  3409 | D:5      | 3409 ||| FLEEEEING.
  3410 | D:5      | 3410 ||| FLEEEEING.
  3411 | D:5      | 3411 ||| FLEEEEING.
  3412 | D:5      | 3412 ||| FLEEEEING.
  3413 | D:5      | 3413 ||| STAIRDANCE
  3593 | D:5      | 3593 ||| RETREEEEATING.
  3594 | D:5      | 3594 ||| RETREEEEATING.
  3613 | D:5      | Reached skill level 3 in Fighting
  3613 | D:5      | Reached XP level 8. HP: 40/40 MP: 9/9
  3723 | D:5      | Reached skill level 8 in Dodging
  3996 | D:5      | 3996 ||| READING scroll of identify.
  3996 | D:5      | 3996 ||| IDENTIFYING sapphire potion
  3997 | D:5      | 3997 ||| READING 3 scrolls labelled KOGOOC KAGADA.
  3997 | D:5      | 3997 ||| ENCHANTING +0 shortbow of draining.
  4084 | D:6      | Noticed Menkaure
  4096 | D:6      | Killed Menkaure
  4181 | D:6      | 4181 ||| FLEEEEING.
  4197 | D:6      | Reached skill level 9 in Ranged Weapons
  4374 | D:6      | Reached skill level 9 in Dodging
  4614 | D:6      | Noticed Jeremiah
  4682 | D:6      | HP: 6/40 [Jeremiah/divine providence (8)]
  4686 | D:6      | Killed Jeremiah
  4687 | D:6      | Reached XP level 9. HP: 8/44 MP: 10/10
  4971 | D:6      | Found a staircase to the Ecumenical Temple.
  4972 | D:6      | 4972 ||| PLANNING TEMPLE
  4972 | D:6      | 4972 ||| READING scroll of identify.
  4972 | D:6      | 4972 ||| IDENTIFYING orange potion
  4973 | D:6      | 4973 ||| READING 2 scrolls labelled BINEAC XIFALEDD.
  5074 | D:6      | 5074 ||| DROPPING scroll of vulnerability.
  5083 | Temple   | Entered the Ecumenical Temple
  5084 | Temple   | 5084 ||| PLANNING OKAWARU WORSHIP
  5114 | Temple   | Became a worshipper of Warmaster Okawaru
  5115 | Temple   | 5115 ||| PLANNING D:1-11
  5204 | D:7      | 5204 ||| STAIRDANCE
  5221 | D:6      | HP: 11/44 [gnoll bouda/+0 club (7)]
  5222 | D:6      | 5222 ||| READING 5 scrolls of teleportation.
  5395 | D:7      | Found Assu's Jewellery Boutique.
  5400 | D:7      | 5400 ||| SHOPLISTING ring of protection from cold (275
                  | gold, have 262).
  5400 | D:7      | 5400 ||| SHOPLISTING ring of willpower (275 gold, have
                  | 262).
  5422 | D:7      | Noticed Duvessa
  5422 | D:7      | Noticed Dowan
  5434 | D:7      | Killed Duvessa
  5438 | D:7      | Killed Dowan
  5625 | D:7      | Reached skill level 10 in Dodging
  5672 | D:7      | Found a runed translucent gate.
  5672 | D:7      | Found a runed translucent gate.
  5672 | D:7      | Found a runed translucent gate.
  5673 | D:7      | Noticed qw's ghost (novice SpHu)
  5673 | D:7      | Noticed a spectral unseen horror
  6352 | D:7      | Found a blossoming altar of Fedhas.
  6543 | D:7      | Noticed a two-headed ogre
  6565 | D:7      | Killed a two-headed ogre
  6565 | D:7      | Reached * piety under Okawaru
  6566 | D:7      | Reached skill level 11 in Dodging
  6632 | D:7      | Noticed a cyclops
  6639 | D:7      | 6639 ||| INVOKING Heroism.
  6647 | D:7      | Killed a cyclops
  6668 | D:7      | Noticed a manticore
  6672 | D:7      | 6672 ||| INVOKING Heroism.
  6678 | D:7      | Killed a manticore
  6679 | D:7      | Reached skill level 3 in Invocations
  6765 | D:7      | 6765 ||| UPGRADING to ring of positive energy.
  6766 | D:7      | 6766 ||| UPGRADING to +4 ring of protection.
  6767 | D:7      | 6767 ||| READING scroll labelled CIOGIVIPHET.
  6768 | D:7      | 6768 ||| DRINKING 2 dark potions.
  6768 | D:7      | Gained mutation: You possess an exceptional clarity of
                  | mind. [potion of mutation]
  6768 | D:7      | Gained mutation: You have sharp toenails. [potion of
                  | mutation]
  6769 | D:7      | 6769 ||| DRINKING 2 lumpy golden potions.
  6770 | D:7      | 6770 ||| DROPPING potion of invisibility.
  6781 | D:8      | 6781 ||| RETREEEEATING.
  6782 | D:8      | 6782 ||| RETREEEEATING.
  6787 | D:8      | 6787 ||| RETREEEEATING.
  6788 | D:8      | 6788 ||| RETREEEEATING.
  6794 | D:8      | Reached XP level 10. HP: 49/49 MP: 13/13
  6798 | D:8      | 6798 ||| RETREEEEATING.
  6799 | D:8      | 6799 ||| RETREEEEATING.
  6806 | D:8      | 6806 ||| RETREEEEATING.
  6810 | D:8      | 6810 ||| RETREEEEATING.
  6816 | D:8      | 6816 ||| INVOKING Heroism.
  6818 | D:8      | Reached ** piety under Okawaru
  6832 | D:8      | HP: 12/49 [yak (14)]
  6833 | D:8      | 6833 ||| READING 4 scrolls of teleportation.
  6833 | D:8      | Mangled by a yak

Levels and vault maps discovered:
D:1:      onia_arrival_mini_spirals, layout_basic,
          hellmonk_ecumenical_altar_dog_temple, serial_shops,
          nicolae_shop_hallway_plus
D:2:      layout_basic, basic_altar, st_stairs_1, uniq_crazy_yiuf_cottage,
          uniq_terence
D:3:      layout_loops_ring, nzn_wu_jian_council_hall, minivault_14,
          serial_bayou_lagoon_a, uniq_sigmund
D:4:      layout_cave_pods, uniq_edmund
D:5:      layout_loops_cross, serial_glass, glass_columns_a, glass_columns_a
D:6:      layout_basic, minmay_temple_entry_poolview, uniq_menkaure,
          uniq_jeremiah
D:7:      minmay_chambers_of_sixes, layout_basic, mainiacjoe_overflow_alcove_2,
          gammafunk_ghost_necromancy, serial_shops, nicolae_shop_rolling_square,
          st_stairs_13, moated_statue, uniq_duvessa
D:8:      layout_cave_pools
Temple:   mainiacjoe_temple_big_plus

Skill      XL: |  1  2  3  4  5  6  7  8  9 |
---------------+----------------------------+-----
Dodging        | 3 4 5 6 7 9 11 | 11.6
Ranged Weapons | 5 6 7 8 9 10 | 10.9
Fighting       | 2 3 4 |  4.0
Invocations    | 3 |  3.8
Stealth        | |  1.5

Action                     |  1- 3 |  4- 6 |  7- 9 | 10-12 || total
---------------------------+-------+-------+-------+-------++-------
   Fire: Shortbow          |   104 |    96 |   387 |    33 ||   620
 Invoke: Heroism           |       |       |     2 |     1 ||     3
    Use: Scroll            |     8 |     1 |     9 |     1 ||    19
         Potion            |       |     1 |     3 |       ||     4
 Armour: Robe              |     3 |     5 |    37 |     7 ||    52
  Dodge: Dodged            |    30 |    10 |   202 |    17 ||   259

Table legend:
 A = Non-vault XP
 B = Vault XP
 C = Vault XP percentage of total XP
 D = Non-vault monster count
 E = Vault monster count
 F = Vault count percentage of total count
                 A         B        C        D         E       F
            +---------+---------+-------+---------+---------+-------
      Total |    2723 |    3270 |  54.6 |     159 |      20 |  11.2
            +---------+---------+-------+---------+---------+-------
        D:1 |      28 |       8 |  22.2 |      16 |       4 |  20.0
        D:2 |      84 |      39 |  31.7 |      30 |       3 |   9.1
        D:3 |      76 |     243 |  76.2 |      18 |       1 |   5.3
        D:4 |     247 |     157 |  38.9 |      25 |       1 |   3.8
        D:5 |     961 |       0 |   0.0 |      31 |       0 |   0.0
        D:6 |     626 |     566 |  47.5 |      19 |       2 |   9.5
        D:7 |     217 |    2257 |  91.2 |      14 |       9 |  39.1
        D:8 |     484 |       0 |   0.0 |       6 |       0 |   0.0
            +---------+---------+-------+---------+---------+-------
